 Dungeon Sprint DCSS version 0.31-a0-841-g038b102fc3 (webtiles) character file.

Game seed: 18257246443054881673

4524 sircluck the Grappler (level 10, -1/115 HPs)
             Began as a Troll Berserker on Sept 27, 2023.
             Was a High Priest of Trog.
             Slain by an unseen horror (6 damage)
             ... in the Dungeon (Sprint I: "Red Sonja").
             The game lasted 00:03:30 (659 turns).

sircluck the Grappler (Troll Berserker)              Turns: 659, Time: 00:03:31

Health: -1/115     AC:  5    Str: 42    XL:     10   Next: 17%
Magic:  9/9        EV: 13    Int:  3    God:    Trog [*****.]
Gold:   531        SH:  0    Dex:  9    Spells: 9/9 levels left

rFire   . .          .
                       - Unarmed
rCold   + . .        (no shield)
rNeg    . . .        k - +0 troll leather armour
rPois   .            (helmet restricted)
rElec   .            (no cloak)
rCorr   .            (gloves unavailable)
SInv    .            (boots unavailable)
Will    .....        (no amulet) Stlth
                     j - +6 ring of strength
HPRegen 1.99/turn    i - ring of Bodily Harmony {rC+ Str+5 Stlth-}
MPRegen 0.11/turn

%: no teleportation
@: no status effects
A: large, unfitting armour, claws 3, regeneration 1, shaggy fur 1, tough skin 1
a: Renounce Religion, Berserk, Trog's Hand, Brothers in Arms


You were in the Dungeon.
You worshipped Trog.
Trog was extremely pleased with you.
You visited 1 branch You collected 1206 gold pieces.
You spent 675 gold pieces at shops.

Inventory:

Armour
 a - a +0 animal skin
 k - a +0 troll leather armour (worn)
Jewellery
 i - the ring of Bodily Harmony (right claw) {rC+ Str+5 Stlth-}
   (You bought it in a shop in the Dungeon)

   [ring of protection from cold]

   Str+5:     It affects your strength (+5).
   rC+:       It protects you from cold.
   Stlth-:    It makes you less stealthy.
 j - a +6 ring of strength (left claw)
 m - a ring of fire
Wands
 h - a wand of iceblast (8)
Scrolls
 g - a scroll of blinking
 n - 2 scrolls of enchant armour
Potions
 b - 4 potions of curing
 d - a potion of haste
 e - 4 potions of magic
 f - a potion of berserk rage
 l - 2 potions of enlightenment


   Skills:
 + Level 11.9 Fighting
 + Level 4.9 Armour
 + Level 11.7 Dodging
 + Level 13.8 Unarmed Combat


You had 9 spell levels left.
You didn't know any spells.
Your spell library was empty.

Dungeon Overview and Level Annotations

Branches:
Dungeon (1/1)

Altars:
Cheibriados
Dithmenos
Elyvilon
Fedhas
Gozag
Hepliaklqana
Kikubaaqudgha
Nemelex Xobeh
Okawaru
Qazlal
Ru
Sif Muna
Trog
Uskayaw
Vehumet
Wu Jian
Yredelemnul
Zin
The Shining One

Shops:
D ((([(:*!**:*(*=[=


Innate Abilities, Weirdness & Mutations

You are too large for most types of armour.
You have claws for hands.
Your natural rate of healing is unusually fast.
You are covered in fur. (AC +1)
You have tough skin. (AC +1)


Message History

Something hits you.
There is an open door here.
You miss something. Something hits you.
Attack: -) Claws
Press: ? - help, Dir - move target You swing at nothing.
Something hits you but does no damage. Something hits you!
* * * LOW HITPOINT WARNING * * *
You scratch something but do no damage. Something hits you!
* * * LOW HITPOINT WARNING * * *
Something hits you.
* * * LOW HITPOINT WARNING * * *
Something hits you!
* * * LOW HITPOINT WARNING * * *
You feel much better. Something hits you.
* * * LOW HITPOINT WARNING * * *
Unknown command.
Unknown command.
You mangle something!! Something hits you but does no damage.
Something hits you.
* * * LOW HITPOINT WARNING * * *
Something hits you.
* * * LOW HITPOINT WARNING * * *
Attack: -) Claws
Press: ? - help, Dir - move target
Aim: Disturbance (purple smoke)
You mangle something!! Something hits you!
* * * LOW HITPOINT WARNING * * *
Something hits you!
* * * LOW HITPOINT WARNING * * *
Something completely misses you.
You mangle something!! Trog accepts your kill.
Reactivating autopickup.
You feel a bit more experienced. Something hits you.
* * * LOW HITPOINT WARNING * * *
Deactivating autopickup; reactivate with Ctrl-A.
Unknown command.
Something hits you.
You die...

##_.#'##'#####'###
###'#(#.§:.###.'.#
###.####÷###.###†#
.'..)'.....'[∩##§#
##...###########§#
###.###.......##.#
#.#'#.#........{§#
#.....#'''######{#
#.....#....§§.§#@#
#######†......#§§#
#..(........§####
#(....††...~~#
##.......~~~##
###..~~~~###
###'######'###
#∩∩########∩∩#
##∩∩∩∩∩∩∩∩∩∩##


There were no monsters in sight!

Vanquished Creatures
  2 centaur warriors (D)
  Sonja (D)
  A deep troll (D)
  An oklob plant (D)
  An unseen horror (D)
  A hornet (D)
  Sigmund (D)
  A yak (D)
  2 redbacks (D)
  A floating eye (D)
  An ogre (D)
  7 necrophages (D)
  8 jellies (D)
  Ijyb (D)
29 creatures vanquished.

Vanquished Creatures (others)
  2 ballistomycete spores (D)
2 creatures vanquished.

Grand Total: 31 creatures vanquished

Notes
Turn   | Place    | Note
-------+----------+-------------------------------------------
     0 | D        | sircluck the Troll Berserker began the quest for the Orb.
     0 | D        | Reached XP level 1. HP: 22/22 MP: 0/0
     1 | D        | Noticed Ijyb
    12 | D        | Killed Ijyb
    13 | D        | Reached skill level 4 in Unarmed Combat
    13 | D        | Reached XP level 2. HP: 32/32 MP: 1/1
    17 | D        | Noticed an ogre
    19 | D        | Killed an ogre
    20 | D        | Reached skill level 5 in Fighting
    20 | D        | Reached skill level 5 in Dodging
    20 | D        | Reached skill level 6 in Unarmed Combat
    20 | D        | Reached XP level 3. HP: 42/42 MP: 2/2
    20 | D        | Reached XP level 4. HP: 50/50 MP: 3/3
    31 | D        | Noticed Sigmund
    39 | D        | Killed Sigmund
    39 | D        | Reached ** piety under Trog
    40 | D        | Reached skill level 7 in Unarmed Combat
    40 | D        | Reached XP level 5. HP: 59/61 MP: 4/4
    40 | D        | Reached XP level 6. HP: 66/68 MP: 5/5
    54 | D        | Found an ornate altar of the Wu Jian Council.
    54 | D        | Found a shimmering blue altar of Sif Muna.
    56 | D        | Found a radiant altar of Vehumet.
    61 | D        | Reached skill level 8 in Unarmed Combat
    61 | D        | Noticed a centaur warrior
    61 | D        | Noticed a centaur warrior
    73 | D        | Killed a centaur warrior
    74 | D        | Reached skill level 10 in Unarmed Combat
    74 | D        | Reached XP level 7. HP: 54/81 MP: 6/6
    81 | D        | Killed a centaur warrior
    81 | D        | Reached *** piety under Trog
    82 | D        | Reached skill level 11 in Unarmed Combat
    82 | D        | Reached XP level 8. HP: 43/93 MP: 7/7
   126 | D        | Noticed a hornet
   136 | D        | Paralysed by a hornet for 1 turns
   137 | D        | Killed a hornet
   138 | D        | Reached skill level 10 in Fighting
   198 | D        | Found Caeth's Weapon Emporium.
   198 | D        | Found an ancient bone altar of Kikubaaqudgha.
   198 | D        | Found a hazy altar of Hepliaklqana.
   198 | D        | Found a hide-covered altar of Uskayaw.
   198 | D        | Found a basalt altar of Yredelemnul.
   198 | D        | Found an opulent altar of Gozag.
   198 | D        | Found a snail-covered altar of Cheibriados.
   198 | D        | Found a sacrificial altar of Ru.
   198 | D        | Found a shadowy altar of Dithmenos.
   202 | D        | Reached skill level 10 in Dodging
   211 | D        | Found a stormy altar of Qazlal.
   211 | D        | Found a blossoming altar of Fedhas.
   211 | D        | Found a bloodstained altar of Trog.
   211 | D        | Found an iron altar of Okawaru.
   211 | D        | Found a glowing golden altar of the Shining One.
   211 | D        | Found a glowing silver altar of Zin.
   211 | D        | Found a white marble altar of Elyvilon.
   212 | D        | Found a sparkling altar of Nemelex Xobeh.
   246 | D        | Noticed a deep troll
   253 | D        | Killed a deep troll
   254 | D        | Reached skill level 12 in Unarmed Combat
   254 | D        | Reached XP level 9. HP: 80/102 MP: 8/8
   297 | D        | Found Ipnetolo's Armour Emporium.
   323 | D        | Noticed Sonja
   333 | D        | Killed Sonja
   333 | D        | Reached **** piety under Trog
   334 | D        | Reached skill level 13 in Unarmed Combat
   418 | D        | Found Laghi's Antique Weapon Boutique.
   457 | D        | Noticed an oklob plant
   462 | D        | Killed an oklob plant
   504 | D        | Reached ***** piety under Trog
   560 | D        | Received a gift from Trog
   565 | D        | Reached XP level 10. HP: 70/114 MP: 9/9
   607 | D        | Found Miosod's Armour Shoppe.
   607 | D        | Found Dostyomm's Antique Weapon Shop.
   607 | D        | Found Wyoloacuyd's Antique Weapon Boutique.
   609 | D        | Found Niaty's Book Emporium.
   609 | D        | Found Lamm's General Store.
   609 | D        | Found Qyarywk's Distillery.
   609 | D        | Found Xafoi's Assorted Antiques.
   609 | D        | Found Xam Tew's Assorted Antiques.
   609 | D        | Found Vieteojo's Book Shop.
   609 | D        | Found Waikhes's General Store.
   614 | D        | Found Kawnes's Weapon Boutique.
   615 | D        | Found Voter's Jewellery Emporium.
   615 | D        | Found Rolae's General Store.
   616 | D        | Bought a scroll of enchant armour for 75 gold pieces
   616 | D        | Found Ojes's Jewellery Emporium.
   618 | D        | Bought a scroll labelled WEHOLU BIELYRA for 32 gold pieces
   623 | D        | Bought a scroll of enchant armour for 75 gold pieces
   625 | D        | Bought the ring of Bodily Harmony {rC+ Str+5 Stlth-} for
                  | 493 gold pieces
   656 | D        | HP: 4/115 [something (10)]
   657 | D        | HP: 1/115 [something (4)]
   659 | D        | Slain by an unseen horror

Illustrated notes

Levels and vault maps discovered:
D:        dungeon_sprint_1 [red_sonja_temple_1, red_sonja_temple_small_1]

Skill      XL: |  1  2  3  4  5  6  7  8  9 |
---------------+----------------------------+-----
Fighting       | 3 5 6 8 9 10 11 | 11.9
Dodging        | 3 5 6 8 9 10 11 | 11.7
Unarmed Combat | 4 6 7 10 11 12 13 | 13.8
Armour         | 4 |  4.9

Action                     |  1- 3 |  4- 6 |  7- 9 | 10-12 || total
---------------------------+-------+-------+-------+-------++-------
  Melee: Unarmed           |    11 |    16 |    51 |    18 ||    96
         Punch             |       |     1 |     3 |       ||     4
 Invoke: Berserk           |       |     1 |     2 |       ||     3
  Evoke: Wand              |     1 |       |       |       ||     1
    Use: Scroll            |       |       |       |     2 ||     2
         Potion            |       |       |       |     1 ||     1
 Armour: Animal skin       |     6 |    16 |    18 |       ||    40
         Troll leather arm |       |       |    29 |    52 ||    81
  Dodge: Dodged            |     3 |     5 |    35 |    10 ||    53

Table legend: (Time is in decaauts)
 A = Elapsed time spent in this place.
 B = Non-inter-level travel time spent in this place.
 C = Inter-level travel time spent in this place.
 D = Time resting spent in this place.
 E = Time spent auto-exploring this place.
 F = Levels seen in this place.
 G = Mean time per level.
                   A        B        C        D        E       F      G
               +--------+--------+--------+--------+--------+-----+--------+
         Total |    672 |    672 |      0 |    182 |    101 |   1 |  672.0 |
       Dungeon |    672 |    672 |      0 |    182 |    101 |   1 |  672.0 |
               +--------+--------+--------+--------+--------+-----+--------+

Top non-repeatable levels by time:
       D: 672 daAuts
